 Dungeon Crawl Stone Soup version 0.30-a0-223-gcb0039aa0c (webtiles) character file.

Game seed: 8718252893164855558

105 qw the Chopper (level 4, -7/28 HPs)
             Began as a Gargoyle Fighter on Oct 9, 2022.
             Mangled by a steam dragon (9 damage)
             ... on level 4 of the Dungeon.
             The game lasted 00:00:46 (2240 turns).

qw the Chopper (Gargoyle Fighter)                   Turns: 2240, Time: 00:00:46

Health: -7/28      AC: 15    Str: 22    XL:     4   Next: 81%
Magic:  4/4        EV:  6    Int:  8    God:
Gold:   152        SH:  4    Dex:  9    Spells: 3/3 levels left

rFire   . . .      SeeInvis .    Y - +1 war axe
rCold   . . .      Faith    .    c - +0 buckler
rNeg    + . .      Spirit   .    f - +0 plate armour
rPois   inf        Reflect  .    (no helmet)
rElec   +          Harm     .    (no cloak)
rCorr   .          Rampage  .    (no gloves)
Will    .....                    (no boots)
Stlth   ..........               (no amulet)
HPRegen 0.24/turn                (no ring)
MPRegen 0.09/turn                (no ring)

@: no status effects
A: sickness immunity, AC +3, negative energy resistance 1, electricity
resistance, torment resistance 1, petrification resistance
a: no special abilities


You were on level 4 of the Dungeon.
You visited 1 branch of the dungeon, and saw 4 of its levels.

You collected 152 gold pieces.


Innate Abilities, Weirdness & Mutations

You are immune to sickness and miasma.
Your stone body is resilient. (AC +3)
You are immune to poison.
You resist negative energy. (rN+)
You are resistant to electric shocks. (rElec)
You are resistant to unholy torment.
You are immune to petrification.


   Skills:
 - Level 3.2 Fighting
 - Level 4.3 Axes
 + Level 0.1 Throwing
 - Level 3.2 Armour
 - Level 3.2 Shields


You had 3 spell levels left.
You didn't know any spells.
Your spell library was empty.

Inventory:

Hand Weapons
 l - a +0 flail
 Y - a +1 war axe (weapon)
Missiles
 g - 4 javelins (quivered)
Armour
 c - a +0 buckler (worn)
 f - a +0 plate armour (worn)
Scrolls
 i - a scroll of identify
Potions
 a - a potion of cancellation
 d - 2 potions of might
 e - 2 potions of attraction
 j - a potion of degeneration {unknown}
 k - a potion of brilliance {unknown}

Dungeon Overview and Level Annotations

Branches:
Dungeon (4/15)
 Temple: D:4-7

Altars:
Elyvilon
Zin
The Shining One


Message History

(1) D:2 (2) D:3 Assign waypoint to what number? (0-9, D - delete waypoint) Waypoint 1 re-assigned from D:2 to D:4.
You see here a scroll of vulnerability.
A dart slug comes into view.
Found 10 gold pieces.
Found a stone staircase leading down.
The dart slug launches a dart at you. The slug dart misses you.
2218 ||| Stepping ~*~*~tactically~*~*~ (hiding).
You start waiting.
A dart slug is nearby!
You slash the dart slug!
You kill the dart slug!
A steam dragon comes into view.
The steam dragon breathes steam at you. The ball of steam hits you!
You hear a shout!
You closely miss the steam dragon.
You are engulfed in a cloud of scalding steam.
An orc comes into view. It is wielding a +0 trident.
The steam dragon bites you.
The steam dragon claws you but does no damage.
You closely miss the steam dragon.
You are engulfed in a cloud of scalding steam.
The steam dragon bites you but does no damage.
The steam dragon claws you but does no damage.
The steam dragon bites you but does no damage.
The steam dragon claws you but does no damage.
You hit the steam dragon.
The steam dragon is lightly wounded.
The steam dragon bites you.
The steam dragon claws you but does no damage.
You barely miss the steam dragon.
The steam dragon is lightly wounded.
You are engulfed in a cloud of scalding steam.
The steam dragon completely misses you. The steam dragon claws you.
You closely miss the steam dragon.
The steam dragon is lightly wounded.
The orc hits you but does no damage. The steam dragon bites you!
You die...

#.##.# ##.....
##...#.#####
#.....>....####
#....#........#
#...........#
#.....$.....####
#............... #
#.......@Do.##
#.#...........#
#.#.###...........
#..#.#####.##.###.
#.#.?#####.# .#
#..<.......# #
####.#####.# #.#
#.# #.#


You could see a steam dragon and an orc.

Vanquished Creatures
  4 gnolls (D:3)
  2 adders
  3 dart slugs
  3 bats
  6 endoplasms
  2 giant cockroaches
  4 goblins
  6 hobgoblins
  A quokka (D:1)
  3 frilled lizards (D:1)
  2 kobolds
  2 rats
38 creatures vanquished.

Notes
Turn   | Place    | Note
-------+----------+-------------------------------------------
     0 | D:1      | qw the Gargoyle Fighter began the quest for the Orb.
     0 | D:1      | Reached XP level 1. HP: 14/14 MP: 1/1
     0 | D:1      | 0 ||| qw: Version: 0.2-a-17-g06abaee
     0 | D:1      | 0 ||| qw: Game counter: 2104
     0 | D:1      | 0 ||| qw: Always use a shield: true
     0 | D:1      | 0 ||| qw: God list: Okawaru
     0 | D:1      | 0 ||| qw: Allow faded altars: false
     0 | D:1      | 0 ||| qw: Do Orc after D:15 true
     0 | D:1      | 0 ||| qw: Do second Lair branch before Depths: true
     0 | D:1      | 0 ||| qw: Lair rune preference: random
     0 | D:1      | 0 ||| qw: Plans: Normal, Zot:1-4, God:TSO, Crypt, Tomb,
                  | Pan, Slime:5, Hells, Abyss, Orb
     0 | D:1      | 0 ||| PLANNING D:1-11
    83 | D:1      | Reached skill level 2 in Axes
   181 | D:1      | Reached XP level 2. HP: 19/19 MP: 2/2
   275 | D:1      | Found a faded altar of an unknown god.
   777 | D:1      | 777 ||| UPGRADING to +0 plate armour.
   787 | D:1      | 787 ||| DROPPING +0 scale mail.
   788 | D:1      | 788 ||| READING scroll labelled TEUDOU RAAGI.
   789 | D:1      | 789 ||| READING 2 scrolls labelled POLIDDOUNI.
   790 | D:1      | 790 ||| READING scroll labelled ZEAHAL DOIVUEK.
   791 | D:1      | 791 ||| DROPPING scroll of butterflies.
   913 | D:2      | Reached skill level 3 in Axes
   913 | D:2      | Reached XP level 3. HP: 22/23 MP: 3/3
   926 | D:2      | Identified the +6 long sword of Indomitability {elec,
                  | Dex+3}
  1058 | D:2      | 1058 ||| Stepping ~*~*~tactically~*~*~ (hiding).
  1171 | D:2      | 1171 ||| DROPPING +3 hand axe of venom.
  1265 | D:2      | 1265 ||| DROPPING +0 club.
  1586 | D:2      | 1586 ||| READING scroll labelled TED COANKOST.
  1587 | D:2      | 1587 ||| READING 2 scrolls labelled RAV FYPSEBU.
  1590 | D:2      | 1590 ||| READING scroll labelled KYAMITA IQYO.
  1591 | D:2      | 1591 ||| DRINKING 2 cyan potions.
  1592 | D:2      | 1592 ||| READING 2 scrolls of identify.
  1592 | D:2      | 1592 ||| IDENTIFYING inky potion
  1742 | D:3      | 1742 ||| Stepping ~*~*~tactically~*~*~ (stealth).
  1779 | D:3      | Reached XP level 4. HP: 28/28 MP: 4/4
  1899 | D:3      | Reached skill level 4 in Axes
  1906 | D:3      | HP: 7/28 [gnoll/+0 spear (2)]
  1907 | D:3      | 1907 ||| READING scroll of teleportation.
  2128 | D:3      | Found a glowing golden altar of the Shining One.
  2128 | D:3      | Found a glowing silver altar of Zin.
  2132 | D:3      | Found a white marble altar of Elyvilon.
  2203 | D:3      | 2203 ||| READING scroll labelled DEMASU DEOCW.
  2204 | D:3      | 2204 ||| READING scroll labelled YQIADORCHAP.
  2205 | D:3      | 2205 ||| READING 2 scrolls of identify.
  2205 | D:3      | 2205 ||| IDENTIFYING orange potion
  2206 | D:3      | 2206 ||| DROPPING potion of ambrosia.
  2218 | D:4      | 2218 ||| Stepping ~*~*~tactically~*~*~ (hiding).
  2232 | D:4      | Noticed a steam dragon
  2237 | D:4      | HP: 3/28 [steam dragon] (6)]
  2240 | D:4      | Mangled by a steam dragon

Levels and vault maps discovered:
D:1:      dpeg_arrival_another_circle, layout_basic,
          chequers_ecumenical_altar_simple_redux
D:2:      layout_loops_ring
D:3:      layout_rooms, dreamdust_divine_triumvirate
D:4:      layout_loops_ring, nicolae_gozag_cash_rules_everything_around_me,
          trog_book, minmay_temple_entry_hall

Skill      XL: |  1  2  3  4 |
---------------+-------------+-----
Axes           | 2 3 4 |  4.3
Fighting       | |  3.2
Throwing       | |  0.1
Armour         | |  3.2
Shields        | |  3.2

Action                   |  1- 3 |  4- 6 || total
-------------------------+-------+-------++-------
Melee: War axe           |    96 |    29 ||   125
  Use: Scroll            |     7 |     4 ||    11
       Potion            |     1 |       ||     1
Armor: Scale mail        |    14 |       ||    14
       Plate armour      |    49 |    22 ||    71
Dodge: Dodged            |    31 |    10 ||    41
Block: Buckler           |    18 |     8 ||    26

Table legend:
 A = Non-vault XP
 B = Vault XP
 C = Vault XP percentage of total XP
 D = Non-vault monster count
 E = Vault monster count
 F = Vault count percentage of total count
                 A         B        C        D         E       F
            +---------+---------+-------+---------+---------+-------
      Total |     150 |       0 |   0.0 |      38 |       0 |   0.0
            +---------+---------+-------+---------+---------+-------
        D:1 |      22 |       0 |   0.0 |      13 |       0 |   0.0
        D:2 |      36 |       0 |   0.0 |      12 |       0 |   0.0
        D:3 |      88 |       0 |   0.0 |      12 |       0 |   0.0
        D:4 |       4 |       0 |   0.0 |       1 |       0 |   0.0
            +---------+---------+-------+---------+---------+-------
